 Dungeon Crawl Stone Soup version 0.25.0-37-gb73750e0fb (webtiles) character file.

Game seed: 7249989232586214560

128 DocSulfur the Cudgeler (level 5, -4/45 HPs)
             Began as a Naga Warper on July 8, 2020.
             Killed from afar by an orc wizard (8 damage)
             ... with a puff of flame
             ... on level 2 of the Dungeon.
             The game lasted 00:09:01 (3570 turns).

DocSulfur the Cudgeler (Naga Warper)                Turns: 3570, Time: 00:09:02

Health: -4/45      AC:  5    Str: 14    XL:     5   Next: 12%
Magic:  8/8        EV:  9    Int: 14    God:
Gold:   91         SH:  3    Dex: 10    Spells: 8/8 levels left

rFire    . . .     SeeInvis +   a - +0 mace
rCold    . . .     Gourm    .   j - +0 buckler
rNeg     . . .     Faith    .   b - +0 leather armour
rPois    +         Spirit   .   (no helmet)
rElec    .         Reflect  .   (no cloak)
rCorr    .         Harm     .   (no gloves)
MR       .....     Rnd*Rage +   (no barding)
Stlth    +.........             (no amulet)
HPRegen  0.15/turn              (no ring)
MPRegen  0.11/turn              (no ring)

@: very slow
A: large, slimy green scales 1, see invisible, berserk 1, deformed body, poison
resistance, screaming 1, slowness 2, slow metabolism 1, spit poison 1, AC +1
a: Spit Poison


You were on level 2 of the Dungeon.
You were not hungry.

You visited 1 branch of the dungeon, and saw 3 of its levels.

You collected 91 gold pieces.

Inventory:

Hand Weapons
 a - a +0 mace (weapon)
 c - a +0 hunting sling
Missiles
 e - 5 boomerangs of dispersal
 g - 27 stones
 q - 12 poisoned darts (quivered)
Armour
 b - a +0 leather armour (worn)
 j - a +0 buckler (worn)
Scrolls
 d - a scroll of blinking
 k - 3 scrolls of identify {unknown}
 l - a scroll of teleportation {unknown}
 m - a scroll of noise {unknown}
 n - a scroll of remove curse {unknown}
 p - a scroll of fear {unknown}
Comestibles
 f - 2 rations
 i - 4 chunks of flesh


   Skills:
 - Level 2.0 Fighting
 * Level 4.2 Maces & Flails
 - Level 0.8 Throwing
 - Level 0.7 Armour
 - Level 1.5 Dodging
 + Level 1.6 Shields
 - Level 2.4 Spellcasting
   Level 3.0 Translocations


You had 8 spell levels left.
You didn't know any spells.
Your spell library contained the following spells:

 Spells                   Type           Power        Failure   Level  Hunger
 Blink                    Tloc           N/A          14%         2    ###....
 Shroud of Golubria       Chrm/Tloc      #.....       26%         2    ###....
 Gell's Gravitas          Tloc           ##........   28%         3    ###....
 Lesser Beckoning         Tloc           ##........   28%         3    ###....
 Teleport Other           Tloc           ##......     28%         3    ###....
 Passage of Golubria      Tloc           N/A          67%         4    #####..


Dungeon Overview and Level Annotations

Branches:
Dungeon (3/15)

Altars:


Innate Abilities, Weirdness & Mutations

You cannot wear boots.
Your serpentine skin is tough. (AC +1)
You have supernaturally acute eyesight. (SInv)
Armour fits poorly on your strangely shaped body.
Your system is resistant to poisons. (rPois)
You cover ground very slowly.
You have a slow metabolism.
You can spit poison.
You are partially covered in slimy green scales. (AC +2)
You tend to lose your temper in combat.
You occasionally shout uncontrollably at your foes.


Message History

The orc wizard hits you with a +0 dagger.
* * * LOW HITPOINT WARNING * * *
It was a potion of magic.
Magic courses through your body.
The orc wizard hits you with a +0 dagger.
* * * LOW HITPOINT WARNING * * *
It was a potion of mutation.
You feel extremely strange.
You feel a little pissed off.
You feel the urge to shout.
Slimy green scales grow over part of your body.
The orc wizard barely misses you. You block the orc wizard's attack.
You closely miss the orc wizard.
The orc wizard is heavily wounded.
The orc wizard hits you with a +0 dagger.
* * * LOW HITPOINT WARNING * * *
The orc wizard barely misses you.
You closely miss the orc wizard.
The orc wizard is heavily wounded.
The orc wizard barely misses you.
The orc wizard points at you and mumbles some strange words.
The puff of flame hits you!
You die...

##.....#..........#
##...............##
######...........##
########............#
#.....####..##.####.#
#.....# ##.##.# #..
#.....#####....#####.
#........####.....##.
#...@.##.)).#.###.##.
#....o#####.#...#.##.
###.### #..##.#.###
#.# ##.)......# #.#
####.#.#.. #.#
#...... #.# ##...##
#.# ###.#.## #.##
#.......


You could see an orc wizard (fast).

Vanquished Creatures
  4 gnolls (D:2)
  3 adders (D:2)
  An ooze (D:1)
  2 worms (D:2)
  A dart slug (D:2)
  A leopard gecko (D:1)
  An orc (D:3)
  2 giant cockroaches (D:2)
  5 goblins
  7 hobgoblins
  3 jackals (D:1)
  A quokka (D:2)
  2 ball pythons (D:1)
  6 bats
  2 frilled lizards (D:2)
  6 kobolds
  4 rats
51 creatures vanquished.

Notes
Turn   | Place    | Note
-------+----------+-------------------------------------------
     0 | D:1      | DocSulfur the Naga Warper began the quest for the Orb.
     0 | D:1      | Reached XP level 1. HP: 19/19 MP: 3/3
   158 | D:1      | Reached XP level 2. HP: 14/26 MP: 5/5
   927 | D:1      | Reached XP level 3. HP: 29/32 MP: 6/6
   951 | D:1      | Reached skill level 3 in Maces & Flails
  1811 | D:2      | Reached skill level 1 in Shields
  1818 | D:2      | Reached XP level 4. HP: 3/39 MP: 7/7
  2737 | D:2      | Reached skill level 4 in Maces & Flails
  3291 | D:2      | Reached XP level 5. HP: 45/45 MP: 8/8
  3568 | D:2      | Gained mutation: You tend to lose your temper in combat.
                  | [potion of mutation]
  3568 | D:2      | Gained mutation: You occasionally shout uncontrollably at
                  | your foes. [potion of mutation]
  3568 | D:2      | Gained mutation: You are partially covered in slimy green
                  | scales. (AC +2) [potion of mutation]
  3570 | D:2      | Killed from afar by an orc wizard

Illustrated notes

Levels and vault maps discovered:
D:1:      eino_arrival_cavern_b, layout_basic, serial_glass, glass_columns_b,
          glass_columns_b, glass_columns_c, glass_columns_a, glass_columns_a,
          glass_columns_a, glass_columns_c, glass_columns_b, glass_columns_a,
          glass_columns_b, hangedman_decor_push
D:2:      layout_rooms
D:3:      layout_loops_ring, first_ration

Skill      XL: |  1  2  3  4 |
---------------+-------------+-----
Maces & Flails | 3 4 |  4.2
Shields        | 1 |  1.6
Fighting       | |  2.0
Throwing       | |  0.8
Armour         | |  0.7
Dodging        | |  1.5
Spellcasting   | |  2.4
Translocations | |  3.0

Action                   |  1- 3 |  4- 6 || total
-------------------------+-------+-------++-------
Melee: Mace              |   117 |   111 ||   228
 Fire: Hunting sling     |     4 |     7 ||    11
Throw: Dart              |     4 |       ||     4
  Use: Potion            |       |     6 ||     6
  Eat: Chunk             |     2 |     4 ||     6
Armor: Leather armour    |    53 |    14 ||    67
       Skin              |       |    27 ||    27
Dodge: Dodged            |    73 |    27 ||   100
Block: Buckler           |    29 |    23 ||    52
